 Dungeon Crawl Stone Soup version 0.18-a0-1577-gf591c28 (webtiles) character file.

20577 George the Cleaver (level 12, -7/108 HPs)
             Began as a Minotaur Gladiator on Mar 20, 2016.
             Was a High Priest of Makhleb.
             Mangled by an orc warrior
             ... wielding a +0 battleaxe
              (14 damage)
             ... on level 10 of the Dungeon.
             The game lasted 00:25:13 (9002 turns).

George the Cleaver (Minotaur Gladiator)             Turns: 9002, Time: 00:25:13

Health: -7/108     AC: 20    Str: 25    XL:     12   Next: 46%
Magic:  0/2        EV:  7    Int:  2    God:    Makhleb [*****.]
Gold:   311        SH:  0    Dex: 13    Spells: 0 memorised, 11 levels left

rFire  + + .     SeeInvis +     T - +6 broad axe of the Trees {antimagic, +Fly rF++ rC+ MP-9}
rCold  + + +     Gourm    .     N - +3 chain mail of Xom's Indignation {+Fly rC+++ Int-3 Dex+2}
rNeg   . . .     Faith    .     (no shield)
rPois  .         Spirit   +     W - +1 hat
rElec  .         Dismiss  .     (no cloak)
rCorr  .         Reflect  .     X - +2 pair of gloves
SustAt .         Harm     .     E - +0 pair of boots
MR     +....                    h - amulet of guardian spirit
Stlth  ..........               B - ring of see invisible
                                j - ring of protection from magic

@: somewhat resistant to hostile enchantments, extremely unstealthy
A: retaliatory headbutt, horns 2
a: Minor Destruction, Lesser Servant of Makhleb, Major Destruction, Greater
Servant of Makhleb, Renounce Religion, Evoke Flight


You were on level 10 of the Dungeon.
You worshipped Makhleb.
Makhleb was extremely pleased with you.
You were not hungry.

You visited 2 branches of the dungeon, and saw 11 of its levels.
You also visited: Sewer and Bailey.

You collected 581 gold pieces.
You spent 270 gold pieces at shops.

Inventory:

Hand Weapons
 T - the +6 broad axe of the Trees (weapon) {antimagic, +Fly rF++ rC+ MP-9}
   (You bought it in a shop on level 8 of the Dungeon)

   It disrupts the flow of magical energy around spellcasters and certain
   magical creatures (including the wielder).
   It greatly protects you from fire.
   It protects you from cold.
   It affects your magic capacity (-9).
   It lets you fly.
 V - a +2 dire flail of freezing
Missiles
 d - 5 throwing nets
 Y - 43 tomahawks of returning (quivered)
Armour
 E - a +0 pair of boots (worn)
 N - the +3 chain mail of Xom's Indignation (worn) {+Fly rC+++ Int-3 Dex+2}
   (You found it on level 5 of the Dungeon)

   It affects your intelligence (-3).
   It affects your dexterity (+2).
   It renders you almost immune to cold.
   It lets you fly.
 W - a +1 hat (worn)
 X - a +2 pair of gloves (worn)
Jewellery
 h - an amulet of guardian spirit (around neck)
 j - a ring of protection from magic (left hand)
 B - a ring of see invisible (right hand)
 D - an uncursed amulet of the gourmand
 L - an uncursed amulet of faith {unknown}
 Q - an uncursed ring of ice
Wands
 O - a wand of disintegration (8/24)
 R - a wand of acid (4/15)
 S - a wand of lightning (7/15)
Scrolls
 i - 3 scrolls of identify
 w - 4 scrolls of remove curse
 x - a scroll of fog
 F - 4 scrolls of immolation
 K - a scroll of fear {unknown}
 Z - 2 scrolls of blinking
Potions
 k - a potion of agility
 o - 2 potions of lignification
 r - 2 potions of resistance
 s - 5 potions of heal wounds
 u - 7 potions of curing
 z - 5 potions of flight
 M - a potion of berserk rage {unknown}
 U - a potion of brilliance
Comestibles
 f - 9 bread rations
 n - 3 fruits
 q - 7 beef jerkies
 v - 2 meat rations
 J - 2 royal jellies
 P - 2 chunks of flesh


   Skills:
 + Level 10.6 Fighting
 + Level 14.8 Axes
 - Level 2.0 Throwing
 + Level 10.5 Armour
 + Level 8.0 Dodging
 + Level 8.9 Invocations


You had 11 spell levels left.
You didn't know any spells.

Dungeon Overview and Level Annotations

Branches:
Dungeon (10/15)            Temple (1/1) D:5             Orc (0/2) D:10
   Lair: D:8-11

Altars:
Ashenzari
Cheibriados
Dithmenos
Elyvilon
Fedhas
Gozag
Kikubaaqudgha
Makhleb
Nemelex Xobeh
Okawaru
Pakellas
Qazlal
Ru
Sif Muna
Trog
Vehumet
Xom
Yredelemnul
Zin
The Shining One

Shops:
D:8 (


Innate Abilities, Weirdness & Mutations

You reflexively headbutt those who attack you in melee.
You have a pair of horns on your head.


Message History

a club; an orc corpse The orc warrior hits you but does no damage.
You closely miss the orc warrior.
The orc warrior is almost dead.
The orc warrior closely misses you.
You closely miss the orc warrior.
The orc warrior is almost dead.
The orc warrior hits you from afar with a halberd.
* * * LOW HITPOINT WARNING * * *
The orc warrior hits you with a battleaxe.
* * * LOW HITPOINT WARNING * * *
The orc warrior hits you with a battleaxe!
* * * LOW HITPOINT WARNING * * *
The orc warrior hits you from afar with a halberd!
* * * LOW HITPOINT WARNING * * *
An ogre comes into view. It is wielding a giant spiked club.
The ogre shouts!
There is a stone staircase leading up, spattered with blood here.
The orc warrior hits you with a battleaxe!
You die...

#.# # ##################
########.#### .......>.##... ..#
#...o.......# .#######.##.## #.#
#.######.##.# .#####
#.#...###.####.# ##.##.#
.....###......##...O..#####...#.#
......##.....(....o..O...........
.###..###...>..[.o######.#......#
.# #)......#...)@.# #.#......# )#
#.######.###)).# #.#......# )#
#.# #.# #...## #.#......# )# #.#
#.# #....# #.#......# ## #.# #.#
##...#####.#.####.#
#.######.####...##....#.# .#
#.##............##.####
#.##............##.###...
####......##.###.#...........


You could see 2 orc warriors and an ogre.

Vanquished Creatures
  An orc warlord (Bailey)
  An orc knight (Bailey)
  Pikel (D:8)
  4 trolls
  2 wraiths
  A hippogriff (D:7)
  2 hungry ghosts
  Menkaure (D:5)
  A steam dragon (D:8)
  4 ice beasts
  5 orc warriors
  3 sky beasts
  2 slaves (D:8)
  5 phantoms
  A black bear (D:8)
  A necrophage (D:7)
  6 ogres
  4 centaurs
  2 crocodiles
  A big kobold (D:9)
  6 giant frogs
  An elf skeleton (D:7)
  A water moccasin skeleton (D:4)
  A wyvern skeleton (D:8)
  4 scorpions
  12 wights
  A howler monkey (D:5)
  An electric eel (D:7)
  6 crimson imps
  A quasit (D:8)
  2 jellies
  2 orc priests
  A giant frog skeleton (D:9)
  4 orc wizards
  3 human zombies (D:7)
  4 hounds
  An iguana (D:6)
  Jessica (D:2)
  3 worker ants
  An ogre skeleton (D:7)
  A hound zombie (D:7)
  A hound skeleton (D:6)
  2 mummies (D:7)
  6 gnolls
  A worker ant zombie (D:7)
  10 adders
  2 shadow imps (D:7)
  An ooze (D:5)
  An adder skeleton (D:8)
  A worm (D:4)
  A dart slug (D:5)
  13 giant geckos
  39 orcs
  6 bats
  14 giant cockroaches
  11 goblins
  5 hobgoblins
  10 jackals
  4 quokkas
  2 ball pythons (Sewer)
  7 giant newts
  A jackal zombie (D:6)
  23 kobolds
  6 rats
272 creatures vanquished.

Vanquished Creatures (others)
  An ogre (D:8)
  An orc (D:8)
2 creatures vanquished.

Grand Total: 274 creatures vanquished

Notes
Turn   | Place    | Note
--------------------------------------------------------------
     0 | D:1      | George the Minotaur Gladiator began the quest for the Orb.
     0 | D:1      | Reached XP level 1. HP: 18/18 MP: 0/0
   141 | D:1      | Reached skill level 4 in Axes
   205 | D:1      | Reached XP level 2. HP: 25/25 MP: 1/1
   524 | D:2      | Reached skill level 5 in Axes
   524 | D:2      | Reached XP level 3. HP: 22/30 MP: 2/2
   713 | D:2      | Reached skill level 6 in Axes
   713 | D:2      | Reached XP level 4. HP: 2/37 MP: 0/3
  1042 | D:2      | Noticed Jessica
  1046 | D:2      | Killed Jessica
  1543 | D:3      | Noticed a sky beast
  1549 | D:3      | Killed a sky beast
  1549 | D:3      | Reached skill level 7 in Axes
  1549 | D:3      | Reached XP level 5. HP: 30/42 MP: 1/4
  1767 | D:3      | Reached skill level 8 in Axes
  1901 | D:3      | Reached XP level 6. HP: 44/50 MP: 5/5
  2703 | D:4      | Reached skill level 9 in Axes
  2705 | D:4      | Found a glowing drain.
  2721 | Sewer    | Entered a sewer
  3055 | Sewer    | Reached XP level 7. HP: 31/56 MP: 3/6
  3678 | D:4      | Found a deep blue altar of Sif Muna.
  3834 | D:5      | Entered Level 5 of the Dungeon
  3850 | D:5      | Reached skill level 10 in Axes
  4001 | D:5      | Got a faintly humming chain mail
  4012 | D:5      | Identified the +3 chain mail of Xom's Indignation {+Fly rC+++ Int-3 Dex+2} (You found it on level 5 of the Dungeon)
  4200 | D:5      | Reached skill level 11 in Axes
  4312 | D:5      | Found a staircase to the Ecumenical Temple.
  4328 | Temple   | Entered the Ecumenical Temple
  4335 | Temple   | Became a worshipper of Makhleb the Destroyer
  4403 | D:5      | Reached XP level 8. HP: 62/62 MP: 7/7
  4441 | D:5      | Reached skill level 1 in Armour
  4441 | D:5      | Reached skill level 1 in Invocations
  4630 | D:5      | Found an oddly glowing altar of Pakellas.
  4640 | D:5      | Found a shadowy altar of Dithmenos.
  4641 | D:5      | Found a snail-covered altar of Cheibriados.
  4690 | D:5      | Noticed Menkaure
  4699 | D:5      | Killed Menkaure
  5101 | D:6      | Found a shimmering altar of Xom.
  5268 | D:6      | Reached * piety under Makhleb
  5403 | D:6      | Reached skill level 12 in Axes
  5597 | D:6      | Reached XP level 9. HP: 66/72 MP: 8/10
  5615 | D:6      | Reached skill level 5 in Fighting
  5615 | D:6      | Paralysed by fainting for 10 turns
  5829 | D:6      | Found a burning altar of Makhleb.
  5831 | D:6      | Noticed a green death
  6147 | D:7      | Found a flagged portal.
  6161 | Bailey   | Entered a bailey
  6183 | Bailey   | Noticed an orc warlord
  6388 | Bailey   | Found a runed gate.
  6389 | Bailey   | Found a runed gate.
  6390 | Bailey   | Found a runed gate.
  6397 | Bailey   | Noticed an orc knight
  6402 | Bailey   | Reached ** piety under Makhleb
  6430 | Bailey   | Killed an orc knight
  6430 | Bailey   | Reached skill level 5 in Armour
  6769 | Bailey   | Killed an orc warlord
  6769 | Bailey   | Reached skill level 5 in Invocations
  6769 | Bailey   | Reached XP level 10. HP: 65/84 MP: 5/13
  6796 | Bailey   | Reached skill level 13 in Axes
  6796 | Bailey   | Reached skill level 5 in Dodging
  6796 | Bailey   | Reached XP level 11. HP: 77/95 MP: 9/15
  6797 | Bailey   | Reached skill level 10 in Fighting
  6797 | Bailey   | Reached skill level 14 in Axes
  6797 | Bailey   | Reached XP level 12. HP: 82/106 MP: 9/17
  7222 | D:7      | Found a sacrificial altar of Ru.
  7281 | D:7      | Found an ancient bone altar of Kikubaaqudgha.
  7588 | D:8      | Reached *** piety under Makhleb
  7593 | D:8      | Noticed Pikel
  7601 | D:8      | Killed Pikel
  7740 | D:8      | Found Ysepnanu's Antique Weapon Shoppe.
  7765 | D:8      | Reached skill level 10 in Armour
  7769 | D:8      | Bought an iridescent broad axe for 270 gold pieces
  7769 | D:8      | Identified the +6 broad axe of the Trees {antimagic, +Fly rF++ rC+ MP-9} (You bought it in a shop on level 8 of the Dungeon)
  8061 | D:8      | Found a blossoming altar of Fedhas.
  8503 | D:9      | Reached **** piety under Makhleb
  8827 | D:10     | Entered Level 10 of the Dungeon
  8894 | D:10     | Reached ***** piety under Makhleb
  8967 | D:10     | Found a staircase to the Orcish Mines.
  8988 | D:10     | HP: 3/108 [orc warrior/halberd (14)]
  9002 | D:10     | Mangled by an orc warrior

Vault maps used:
D:1:      minmay_arrival_loop, hangedman_glass_teeth
D:2:      uniq_jessica
D:4:      wad_lake_hut, kennysheep_mini, gup_sewer_entry_spiral,
          kennysheep_nondescript, abandoned_shop
D:5:      minitemple, minmay_temple_entry_statues_pillars, first_bread,
          uniq_menkaure
D:6:      xom_butterflies, makhleb_altar_promises_db
D:7:      nicolae_ru_sacrificial_ziggurat, enter_bailey_2, minivault_4,
          lemuel_mausoleum_altar_kikubaaqudgha
D:8:      fedhas_altar_3, serial_shops, nicolae_shop_waterfront,
          grunt_ogre_cave, uniq_pikel
D:10:     grunt_lair_entry_orc_guard_hut, david_orc_2
Temple:   circular_temple_13
Sewer:    sewer_frog_island_01
Bailey:   bailey_axe_bossmonster_kennysheep, bailey

Skill      XL: |  1  2  3  4  5  6  7  8  9 10 11 12 |
---------------+-------------------------------------+-----
Axes           | 4 5 6 7 8 9 11 12 13 14 | 14.8
Armour         | 4 6 8 9 10 | 10.5
Invocations    | 3 5 7 8 |  8.9
Fighting       | 4 6 8 10 | 10.6
Dodging        | 5 7 8 |  8.0
Throwing       | |  2.0

Action                   |  1- 3 |  4- 6 |  7- 9 | 10-12 || total
-------------------------+-------+-------+-------+-------++-------
Melee: War axe           |    49 |   127 |   246 |   139 ||   561
       Broad axe         |       |       |       |   131 ||   131
Throw: Throwing net      |       |       |     1 |       ||     1
 Abil: Evoke Flight      |       |       |     2 |     2 ||     4
       Stop Flying       |       |       |     1 |       ||     1
  Use: Scroll            |       |    14 |     4 |     2 ||    20
       Potion            |       |       |     2 |     2 ||     4
 Stab: Held in net/web   |       |       |     1 |       ||     1
  Eat: Chunk             |       |     7 |    14 |     8 ||    29
